 Dungeon Crawl Stone Soup version 0.30-a0-779-g7971cf19c3 (webtiles) character file.

Game seed: 6762972186614820324

13 joebusybody the Trooper (level 2, -10/33 HPs)
             Began as an Ogre Berserker on Feb 18, 2023.
             Was a Follower of Trog.
             Mangled by Terence
             ... wielding a +2 heavy trident
              (13 damage)
             ... on level 2 of the Dungeon.
             The game lasted 00:17:31 (1395 turns).

joebusybody the Trooper (Ogre Berserker)            Turns: 1395, Time: 00:17:32

Health: -10/33     AC:  3    Str: 20    XL:     2   Next: 37%
Magic:  2/2        EV: 10    Int:  8    God:    Trog [*.....]
Gold:   66         SH:  0    Dex:  8    Spells: 1/1 levels left

rFire   . . .      SeeInvis .    a - +0 hand axe
rCold   . . .      Faith    .    (no shield)
rNeg    . . .      Spirit   .    b - +0 animal skin
rPois   .          Reflect  .    (helmet restricted)
rElec   .          Harm     .    (no cloak)
rCorr   .          Rampage  .    (gloves unavailable)
Will    .....                    (boots unavailable)
Stlth   +                        (no amulet)
HPRegen 0.25/turn                (no ring)
MPRegen 0.08/turn                (no ring)

@: no status effects
A: large, unfitting armour, tough skin 1
a: Renounce Religion, Berserk


You were on level 2 of the Dungeon.
You worshipped Trog.
Trog was aware of your devotion.
You visited 1 branch of the dungeon, and saw 2 of its levels.

You collected 66 gold pieces.

Inventory:

Hand Weapons
 a - a +0 hand axe (weapon)
 i - a +0 club
 k - a +0 dagger
 n - a +0 short sword
Missiles
 m - 3 poisoned darts (quivered)
Armour
 b - a +0 animal skin (worn)
 c - a +0 robe
 l - a +0 robe
Scrolls
 f - a scroll of teleportation {unknown}
 g - 2 scrolls of identify {unknown}
Potions
 d - a potion of mutation {unknown}
 e - 2 potions of brilliance {unknown}
 j - a potion of resistance {unknown}


   Skills:
 + Level 4.4 Fighting
 + Level 3.2 Axes
 + Level 3.0 Dodging


You had one spell level left.
You didn't know any spells.
Your spell library was empty.

Dungeon Overview and Level Annotations

Branches:
Dungeon (2/15)

Altars:

Annotations:
D:2 Terence


Innate Abilities, Weirdness & Mutations

You are too large for most types of armour.
You have tough skin. (AC +1)


Message History

Terence hits you with a +2 heavy trident.
You hit Terence.
Terence is lightly wounded.
Terence hits you with a +2 heavy trident!
Ouch! That really hurt!
You hit Terence. You punch Terence, but do no damage.
Terence is lightly wounded.
Terence hits you with a +2 heavy trident.
* * * LOW HITPOINT WARNING * * *
You hit Terence.
Terence is heavily wounded.
You barely miss Terence.
Terence is heavily wounded.
Terence zaps a wand.
The puff of flame misses you.
Terence zaps a wand.
The puff of flame misses you.
You barely miss Terence.
Terence is heavily wounded.
Terence barely misses you.
You hit Terence.
Terence is heavily wounded.
You hit Terence.
Terence is heavily wounded.
Terence zaps a wand.
The puff of flame hits you.
* * * LOW HITPOINT WARNING * * *
You hit Terence but do no damage.
Terence is heavily wounded.
Terence misses you.
You barely miss Terence.
Terence is heavily wounded.
Terence hits you with a +2 heavy trident.
* * * LOW HITPOINT WARNING * * *
You hit Terence.
Terence is severely wounded.
Terence closely misses you.
You closely miss Terence.
Terence is severely wounded.
You closely miss Terence.
Terence is severely wounded.
Terence hits you with a +2 heavy trident!
You die...

# # ##.# #
.....#### #
#..?@.## ####
#@.### #...
##...## ###..#
###..# #....#
##.### ##...##
#...####..#...
###.#.....#...
#...........
##.>..#.....
####.#...#.


You could see Terence.

Vanquished Creatures
  An endoplasm (D:1)
  A giant cockroach (D:1)
  2 goblins (D:1)
  A hobgoblin (D:2)
  A quokka (D:1)
  3 ball pythons (D:1)
  2 bats (D:1)
11 creatures vanquished.

Notes
Turn   | Place    | Note
-------+----------+-------------------------------------------
     0 | D:1      | joebusybody the Ogre Berserker began the quest for the Orb.
     0 | D:1      | Reached XP level 1. HP: 24/24 MP: 1/1
   919 | D:1      | Reached XP level 2. HP: 33/33 MP: 2/2
  1378 | D:2      | Noticed Terence
  1395 | D:2      | Mangled by Terence

Illustrated notes

Levels and vault maps discovered:
D:1:      nagdon_arrival_double_spiral, layout_loops_corners
D:2:      layout_basic, uniq_terence

Skill      XL: |  1  2 |
---------------+-------+-----
Dodging        | 3 |  3.0
Fighting       | |  4.4
Axes           | |  3.2

Action                     || total
---------------------------++-------
  Melee: Hand axe          ||    46
         Punch             ||     1
  Throw: Stone             ||     8
         Dart              ||     2
 Armour: Animal skin       ||    13
  Dodge: Dodged            ||    25

Table legend: (Time is in decaauts)
 A = Elapsed time spent in this place.
 B = Non-inter-level travel time spent in this place.
 C = Inter-level travel time spent in this place.
 D = Time resting spent in this place.
 E = Time spent auto-exploring this place.
 F = Levels seen in this place.
 G = Mean time per level.
                   A        B        C        D        E       F      G
               +--------+--------+--------+--------+--------+-----+--------+
         Total |   1400 |   1358 |     42 |    200 |    576 |   2 |  700.0 |
       Dungeon |   1400 |   1358 |     42 |    200 |    576 |   2 |  700.0 |
               +--------+--------+--------+--------+--------+-----+--------+

Top non-repeatable levels by time:
     D:1: 1314 daAuts
     D:2: 86 daAuts
